 Seeded DCSS version 0.29.1 (webtiles) character file.

Game seed: 9708579739092153053 (custom seed)

2191 GigaChad the Basher (level 9, -1/78 HPs)
             Began as a Minotaur Fighter on Sept 14, 2022.
             Was an Initiate of Ashenzari.
             Slain by a centaur (2 damage)
             ... on level 8 of the Dungeon.
             The game lasted 00:12:57 (6816 turns).

GigaChad the Basher (Minotaur Fighter)              Turns: 6816, Time: 00:12:57

Health: -1/78      AC: 14    Str: 28    XL:     9   Next: 12%
Magic:  8/8        EV:  7    Int:  5    God:    Ashenzari [......]
Gold:   1665       SH:  5    Dex:  9    Spells: 8/8 levels left

rFire   . . .      SeeInvis .   l - +7 mace of the Maze {spect, rPois Will+ Str+2}
rCold   . . .      Faith    .   c - +0 buckler
rNeg    . . .      Spirit   .   m - +0 plate armour of Ashenzari's Discomfort {Range, Fort} (curse)
rPois   +          Reflect  .   (helmet restricted)
rElec   .          Harm     .   (no cloak)
rCorr   .          Rampage  .   (no gloves)
Will    +....                   (no boots)
Stlth   ..........              (no amulet)
HPRegen 0.23/turn               (no ring)
MPRegen 0.11/turn               (no ring)

@: no status effects
A: horns 2, retaliatory headbutt
a: Renounce Religion, Shatter the Chains


You were on level 8 of the Dungeon.
You worshipped Ashenzari.
Ashenzari was noncommittal.
You visited 2 branches of the dungeon, and saw 9 of its levels.

You collected 1665 gold pieces.

Inventory:

Hand Weapons
 a - a +0 long sword
 l - the +7 mace of the Maze (weapon) {spect, rPois Will+ Str+2}
   (You found it on level 2 of the Dungeon)

   When its wielder attacks, the weapon's spirit leaps out and strikes again.
   The spirit shares a part of any damage it takes with its wielder.
   Str:       It affects your strength (+2).
   rPois:     It protects you from poison.
   Will:      It increases your willpower.
 s - a +2 executioner's axe of venom
Armour
 b - a +0 scale mail
 c - a +0 buckler (worn)
 m - the cursed +0 plate armour of Ashenzari's Discomfort (worn) {Range, Fort}
   (You found it on level 2 of the Dungeon)

   It has a curse which improves the following skills: Ranged Combat: Ranged
   Weapons and Throwing.
   Fortitude: Armour and Shields.
Jewellery
 y - a ring of resist corrosion
 B - a ring of protection from cold
Wands
 r - a wand of flame (4)
Scrolls
 e - 3 scrolls of blinking
 h - 2 scrolls of teleportation
 i - a scroll of poison {unknown}
 j - 6 scrolls of identify
 k - 2 scrolls of noise {unknown}
 o - a scroll of fear
 v - 2 scrolls of immolation {unknown}
 w - 2 scrolls of magic mapping
 A - a scroll of amnesia {unknown}
Potions
 d - a potion of might
 f - a potion of curing {unknown}
 g - a potion of heal wounds {unknown}
 n - a potion of brilliance {unknown}
 p - 3 potions of haste {unknown}
 q - 2 potions of flight {unknown}
 t - a potion of resistance {unknown}
 u - 2 potions of degeneration {unknown}
 x - 2 potions of attraction {unknown}
 z - a potion of magic {unknown}


   Skills:
 + Level 6.6 Fighting
 + Level 3.4 Long Blades
 + Level 8.9 Maces & Flails
 + Level 8.6(9.1) Armour
 + Level 0.7 Dodging
 + Level 0.8 Stealth
 + Level 6.2(6.7) Shields


You had 8 spell levels left.
You didn't know any spells.
Your spell library contained the following spells:

 Spells                   Type           Power      Damage    Failure   Level
 Necrotise                Necr           0%         1d4       99%         1
 Shock                    Conj/Air       0%         1d3       99%         1
 Swiftness                Air            0%         N/A       100%        3
 Vampiric Draining        Necr           0%         2d6       100%        3
 Airstrike                Air            0%         2d(0-16)  100%        4
 Agony                    Necr           0%         N/A       100%        5


Dungeon Overview and Level Annotations

Branches:
Dungeon (8/15)             Temple (1/1) D:6
   Lair: D:8-11

Altars:
Ashenzari
Dithmenos
Fedhas
Gozag
Hepliaklqana
Makhleb
Okawaru
Sif Muna
Xom
Zin
The Shining One

Annotations:
D:5 3 runed translucent doors, Bediveer's ghost, amateur MfGl
D:6 2 runed translucent doors
D:8 Joseph


Innate Abilities, Weirdness & Mutations

You have a pair of horns on your head.
You reflexively headbutt those who attack you in melee.


Message History

The centaur shoots an arrow.
The arrow barely misses you. You block the centaur's attack.
The centaur kicks you but does no damage.
You closely miss the centaur.
Your +7 mace of the Maze {spect, rPois Will+ Str+2} barely misses the centaur.
Joseph zaps a wand.
The roots erupt in riotous growth!
The centaur is unaffected.
The grasping roots grab you!
The centaur is unaffected.
Your +7 mace of the Maze {spect, rPois Will+ Str+2} is unaffected.
The grasping roots constrict you!
* * * LOW HITPOINT WARNING * * *
The centaur hits you but does no damage.
The centaur kicks you but does no damage.
The centaur unwields a +0 shortbow.
The centaur hits you but does no damage.
The centaur barely misses you.
You sock the centaur!
The centaur is heavily wounded.
Your +7 mace of the Maze {spect, rPois Will+ Str+2} hits the centaur!
You kill the centaur!
The centaur hits you but does no damage.
The centaur kicks you but does no damage.
Joseph shoots a sling bullet.
The sling bullet hits your +7 mace of the Maze {spect, rPois Will+ Str+2}!
Your spectral weapon shares its damage with you!
The grasping roots constrict you.
* * * LOW HITPOINT WARNING * * *
x2 You escape the roots grasp.
You swap places.
The centaur closely misses you. You furiously retaliate!
You headbutt the centaur, but do no damage.
The centaur kicks you but does no damage.
The centaur hits you but does no damage.
The centaur kicks you but does no damage.
Things that are here:
a +0 shortbow; a scroll of identify; a centaur corpse You barely miss Joseph.
Your headbutt misses Joseph.
Your +7 mace of the Maze {spect, rPois Will+ Str+2} hits Joseph!
The centaur hits you.
You die...

.##.. ..#.. .#..
.... ###... ...
##..... ..
.......##.
.......#.#
.........### # #
..#..@@ยง.># .# #.
#....(c...##...
....###...........
..##..##.....###
.. ....#....#..#
#.# .##.#.#.###.#
.... #.....# #.#
....###..#### #)#
........## #.


You could see Joseph, a centaur and a friendly +7 mace of the Maze {spect, rPois
Will+ Str+2} (summoned).

Vanquished Creatures
  Prince Ribbit (D:7)
  Eustachio (D:6)
  A steam dragon (D:7)
  2 water moccasins
  A sky beast (D:7)
  2 black bears (D:6)
  A centaur (D:8)
  A kobold brigand (D:8)
  A necrophage (D:5)
  3 scorpions
  2 jellies
  4 orc priests
  2 hounds
  5 iguanas
  10 orc wizards
  Robin (D:4)
  9 adders
  An ufetubus (D:5)
  4 worms
  2 dart slugs
  26 orcs
  5 ball pythons
  4 bats
  5 endoplasms
  5 giant cockroaches
  18 goblins
  8 hobgoblins
  8 jackals
  4 quokkas
  2 frilled lizards
  7 kobolds
  3 rats
149 creatures vanquished.

Vanquished Creatures (others)
  3 plants (D:7)
3 creatures vanquished.

Grand Total: 152 creatures vanquished

Notes
Turn   | Place    | Note
-------+----------+-------------------------------------------
     0 | D:1      | GigaChad the Minotaur Fighter began the quest for the Orb.
     0 | D:1      | Reached XP level 1. HP: 19/19 MP: 0/0
   289 | D:1      | Reached XP level 2. HP: 27/27 MP: 1/1
   347 | D:1      | Found a faded altar of an unknown god.
  1141 | D:2      | Identified the +7 mace of the Maze {spect, rPois Will+
                  | Str+2}
  1240 | D:2      | Reached XP level 3. HP: 32/33 MP: 2/2
  2094 | D:3      | Reached skill level 1 in Maces & Flails
  2094 | D:3      | Reached XP level 4. HP: 32/40 MP: 3/3
  2814 | D:3      | Identified 3 scrolls of acquirement
  2814 | D:3      | Acquired 700 gold pieces
  2816 | D:3      | Acquired a +2 executioner's axe of venom
  2818 | D:3      | Acquired 670 gold pieces
  3016 | D:4      | Reached XP level 5. HP: 47/47 MP: 4/4
  3025 | D:4      | Noticed Robin
  3035 | D:4      | Killed Robin
  3357 | D:4      | Identified the +1 robe of Dogmatism {rPois Int+2 Dex+4
                  | Slay-2}
  3396 | D:4      | Reached skill level 5 in Armour
  3527 | D:4      | Reached XP level 6. HP: 52/53 MP: 5/5
  3771 | D:5      | Entered Level 5 of the Dungeon
  3775 | D:5      | Reached skill level 5 in Shields
  3864 | D:5      | Noticed Bediveer's ghost (amateur MfGl)
  3864 | D:5      | Found a runed translucent gate.
  3864 | D:5      | Found a runed translucent gate.
  3864 | D:5      | Found a runed translucent gate.
  3910 | D:5      | Reached skill level 5 in Maces & Flails
  3910 | D:5      | Reached XP level 7. HP: 58/60 MP: 6/6
  3983 | D:5      | Reached skill level 5 in Fighting
  4274 | D:6      | Found a staircase to the Ecumenical Temple.
  4348 | Temple   | Entered the Ecumenical Temple
  4353 | Temple   | Became a worshipper of Ashenzari the Shackled
  4604 | D:6      | Noticed Eustachio
  4610 | D:6      | Killed Eustachio
  4672 | D:6      | Found a large runed translucent door.
  4673 | D:6      | Found a large runed translucent door.
  4715 | D:6      | Reached XP level 8. HP: 54/70 MP: 7/7
  5916 | D:7      | Noticed Prince Ribbit
  5920 | D:7      | Killed Prince Ribbit
  6169 | D:7      | Reached XP level 9. HP: 49/78 MP: 8/8
  6803 | D:8      | Noticed Joseph
  6814 | D:8      | HP: 1/78 [Joseph/+0 sling (4)]
  6816 | D:8      | Slain by a centaur

Illustrated notes

Levels and vault maps discovered:
D:1:      matt_arrival_spirals, layout_loops_ring,
          chequers_ecumenical_altar_island, chequers_serial_rivers_room_b,
          minmay_misc_feat_nine_boxes
D:2:      layout_basic, chequers_serial_rivers_small_3
D:3:      layout_loops_ring
D:4:      layout_loops_corners, kennysheep_generic_room_5, uniq_robin
D:5:      kennysheep_kobold_camp, layout_cave_pools,
          gammafunk_ghost_nasty_kobolds, nicolae_fountain_basement
D:6:      minmay_evil_eye, layout_loops_ring, jmf_multi_god_temple2,
          temple_statues, gup_sewer_entry_bubbles, uniq_grinder, uniq_eustachio
D:7:      layout_loops_ring, worms_lemuel, uniq_prince_ribbit1
D:8:      layout_layer_cave, mainiacjoe_overflow_tiny_flanked, minivault_22,
          minmay_fire_ice_demons, uniq_joseph
Temple:   hellmonk_temple_two_chambers

Skill      XL: |  1  2  3  4  5  6  7  8 |
---------------+-------------------------+-----
Fighting       | 4 5 6 |  6.6
Long Blades    | 3 |  3.4
Armour         | 4 5 6 8 |  8.6
Shields        | 4 5 6 |  6.2
Maces & Flails | 1 2 3 5 7 8 |  8.9
Dodging        | |  0.7
Stealth        | |  0.8

Action                   |  1- 3 |  4- 6 |  7- 9 || total
-------------------------+-------+-------+-------++-------
Melee: Long sword        |    34 |       |       ||    34
       Headbutt          |     6 |    10 |    18 ||    34
       Mace              |    27 |    68 |   116 ||   211
Invok: Curse Item        |       |       |     1 ||     1
  Use: Scroll            |       |     5 |     4 ||     9
 Stab: Distracted        |     1 |       |       ||     1
Armor: Scale mail        |    33 |       |       ||    33
       Plate armour      |    26 |    46 |    80 ||   152
Dodge: Dodged            |    57 |    21 |    40 ||   118
Block: Buckler           |    27 |    16 |    27 ||    70
